 Dungeon Crawl Stone Soup version 0.27.1-34-g3ba077fa99 (webtiles) character file.

Game seed: 371609877814957021

24200 boopmooplesden the Cleaver (level 12, -4/107 HPs)
             Began as a Minotaur Fighter on Jan 4, 2022.
             Was an Initiate of Gozag.
             Slain by an eight-headed hydra (11 damage)
             ... on level 12 of the Dungeon.
             The game lasted 00:26:24 (17072 turns).

boopmooplesden the Cleaver (Minotaur Fighter)      Turns: 17072, Time: 00:26:25

Health: -4/107     AC: 13    Str: 24    XL:     12   Next: 78%
Magic:  11/11      EV: 11    Int:  5    God:    Gozag
Gold:   3585       SH: 13    Dex: 12    Spells: 11/11 levels left

rFire    . . .     SeeInvis .   z - +11 mace of Dismemberment {venom, rC+ Will+ Stlth-}
rCold    + . .     Faith    .   c - +0 kite shield
rNeg     . . .     Spirit   .   B - +0 scale mail of Vanity {Stlth+}
rPois    .         Reflect  .   (helmet restricted)
rElec    .         Harm     .   i - +0 cloak
rCorr    .         Rampage  .   (no gloves)
Will     +....                  h - +1 pair of boots
Stlth    +.........             (no amulet)
HPRegen  0.27/turn              (no ring)
MPRegen  0.12/turn              (no ring)

@: about to teleport
A: horns 2, retaliatory headbutt, sense surroundings 1, subdued magic 1
a: Renounce Religion, Potion Petition, Call Merchant, Bribe Branch


You were on level 12 of the Dungeon.
You worshipped Gozag.
Gozag was most pleased with you.
You visited 2 branches of the dungeon, and saw 15 of its levels.

You collected 4065 gold pieces.
You paid 480 gold pieces to Gozag.

Inventory:

Hand Weapons
 a - a +2 war axe
 g - a +0 trident
 l - a +2 whip of venom
 z - the +11 mace of Dismemberment (weapon) {venom, rC+ Will+ Stlth-}
   (You found it on level 8 of the Dungeon)

   It poisons the flesh of those it strikes.
   rC:        It protects you from cold.
   Will:      It increases your willpower.
   Stlth:     It makes you less stealthy.
Missiles
 m - a throwing net (quivered)
 p - 2 silver javelins
Armour
 b - a +0 scale mail
 c - a +0 kite shield (worn)
 h - a +1 pair of boots (worn)
 i - a +0 cloak (worn)
 j - a +0 chain mail
 u - a scarf of invisibility
 x - a scarf of resistance
 B - the +0 scale mail of Vanity (worn) {Stlth+}
   (You found it on level 8 of the Dungeon)

   Stlth:     It makes you more stealthy.
Jewellery
 y - a ring of ice
 C - a +4 ring of evasion
Wands
 F - a wand of paralysis (11)
 G - a wand of iceblast (18)
 I - a wand of flame (55)
 J - a wand of charming (6)
 K - a wand of polymorph (7)
 N - a wand of mindburst (8)
Scrolls
 f - a scroll of fear
 n - a scroll of fog {unknown}
 q - 4 scrolls of identify
 t - a scroll of amnesia
 v - a scroll of enchant armour {unknown}
 w - 2 scrolls of teleportation
 A - a scroll of acquirement {unknown}
Potions
 d - a potion of brilliance
 e - 4 potions of attraction
 k - 3 potions of flight
 o - a potion of cancellation
 r - a potion of resistance
 s - a potion of magic
 L - a potion of degeneration
Miscellaneous
 D - a box of beasts
 E - a tin of tremorstones (2/2)
 H - a lightning rod (4/4)
 M - a condenser vane (inert)


   Skills:
 + Level 10.5 Fighting
 + Level 12.8(13.9) Axes
 + Level 9.8(12.5) Maces & Flails
 + Level 0.4 Throwing
 + Level 11.4 Armour
 + Level 5.3 Dodging
 + Level 2.4 Stealth
 + Level 12.5 Shields
 + Level 0.1 Evocations


You had 11 spell levels left.
You didn't know any spells.
Your spell library contained the following spells:

 Spells                   Type           Power      Damage    Failure   Level
 Animate Skeleton         Necr           0%         N/A       80%         1
 Pain                     Necr           0%         1d4       80%         1
 Blink                    Tloc           N/A        N/A       90%         2
 Static Discharge         Conj/Air       0%         N/A       90%         2
 Call Canine Familiar     Summ           0%         N/A       99%         3
 Animate Dead             Necr           0%         N/A       100%        4
 Dispel Undead            Necr           0%         3d6       100%        4
 Sticky Flame             Conj/Fire      0%         2d3       100%        4
 Freezing Cloud           Conj/Ice/Air   0%         6-21      100%        5
 Manifold Assault         Tloc           0%         N/A       100%        5
 Death Channel            Necr           0%         N/A       100%        6
 Simulacrum               Ice/Necr       0%         N/A       100%        6
 Storm Form               Tmut/Air       0%         N/A       100%        7
 Polar Vortex             Ice            0%         N/A       100%        9


Dungeon Overview and Level Annotations

Branches:
Dungeon (12/15)            Temple (0/1) D:7            Lair (3/6) D:9
  Swamp (0/4) Lair:2        Snake (0/4) Lair:3          Orc (0/2) D:9

Altars:
Cheibriados
Elyvilon
Gozag
Hepliaklqana
Makhleb
Trog

Shops:
D:1 ((   D:4 (   D:9 *   Lair:3 (

Annotations:
Lair:3 Sonja


Innate Abilities, Weirdness & Mutations

You have a pair of horns on your head.
You reflexively headbutt those who attack you in melee.
You passively map a small area around you.
Your spells are a little easier to cast, but a little less powerful.


Message History

The eight-headed hydra misses you.
The eight-headed hydra bites you but does no damage.
You block the eight-headed hydra's attack.
The eight-headed hydra bites you but does no damage.
The eight-headed hydra barely misses you.
The eight-headed hydra bites you! The eight-headed hydra bites you.
You block the eight-headed hydra's attack.
You sock the eight-headed hydra!
The eight-headed hydra is poisoned.
You headbutt the eight-headed hydra.
The eight-headed hydra is heavily wounded.
The eight-headed hydra barely misses you.
You furiously retaliate!
You headbutt the eight-headed hydra.
You block the eight-headed hydra's attack.
The eight-headed hydra bites you but does no damage. x2
The eight-headed hydra bites you. The eight-headed hydra bites you!
The eight-headed hydra misses you.
The eight-headed hydra bites you but does no damage.
You hit the eight-headed hydra.
The eight-headed hydra is heavily wounded.
You hit the eight-headed hydra.
Your headbutt misses the eight-headed hydra.
The eight-headed hydra is severely wounded.
The eight-headed hydra bites you but does no damage.
The eight-headed hydra bites you!
* * * LOW HITPOINT WARNING * * *
You block the eight-headed hydra's attack.
The eight-headed hydra closely misses you.
You block the eight-headed hydra's attack.
The eight-headed hydra bites you!
* * * LOW HITPOINT WARNING * * *
The eight-headed hydra bites you but does no damage.
The eight-headed hydra bites you!
* * * LOW HITPOINT WARNING * * *
The gnoll sergeant hits you from afar with a +3 vorpal spear.
* * * LOW HITPOINT WARNING * * *
x2
Okay, then.
As you read the scroll of teleportation, it crumbles to dust.
You feel strangely unstable. The eight-headed hydra bites you!
You die...
Your body crumbles into a pile of gold.

#.....##......# ,
,
#.....##......#,
#.....##......# ,
, * * , *
#.............#
,,
,,#.............#
, #.............#
,,#.....##......#
, ,
,+.....#########
#...ggD@......# *
#....g##......#,
#.....#*......#
*#....g#
......#,, ,*
#....g# ....$.# ,
#.....g,......# ,
#.....g ......# ,
,*#..... ......#


You could see an eight-headed hydra (very poisoned), a gnoll sergeant and 2
gnolls.

Vanquished Creatures
  2 hydras
  A centaur warrior (D:8)
  3 two-headed ogres
  The ghost of pkoi the Grappler, a novice DrMo of Gozag (D:8)
  A deep elf pyromancer (D:12)
  A cyclops (D:8)
  2 manticores
  3 black mambas (Lair:2)
  Maurice (D:10)
  3 cane toads
  Joseph (D:9)
  4 komodo dragons
  Maggie (D:10)
  A troll (D:10)
  3 hornets
  2 shadows (D:9)
  4 wyverns
  24 yaks
  A vampire (D:10)
  2 wraiths
  2 basilisks
  A steam dragon (D:8)
  4 vampire mosquitoes
  Grum (D:11)
  3 nagas (Lair:3)
  4 water moccasins
  An ice beast (D:6)
  2 necrophages
  2 orc warriors
  12 wolves
  7 black bears
  4 sky beasts
  2 ogres
  5 centaurs
  5 kobold brigands
  11 bullfrogs
  4 scorpions
  A water moccasin zombie (D:6)
  A water moccasin skeleton (D:6)
  The ghost of Flarelocke the Skirmisher, a weakling HOMo (D:3)
  2 troll zombies (D:9)
  8 killer bees (D:9)
  3 wights (D:9)
  10 howler monkeys
  A bullfrog zombie (D:5)
  4 centaur zombies
  A jelly (D:6)
  2 gnoll shamans
  2 hounds (D:5)
  3 orc priests
  4 centaur skeletons
  3 iguanas
  5 orc wizards
  2 killer bee zombies (D:8)
  A centaur simulacrum (D:8)
  6 ogre zombies (D:9)
  A spectral howler monkey (D:8)
  3 howler monkey zombies
  19 gnolls
  5 adders
  A river rat (D:3)
  A shadow imp (D:6)
  A white imp (D:5)
  A worm (D:2)
  7 dart slugs
  33 orcs
  9 bats
  4 endoplasms
  6 giant cockroaches
  5 hobgoblins
  7 jackals (D:1)
  24 kobolds
  5 quokkas
  4 ball pythons
  3 frilled lizards
  10 goblins
  2 goblin zombies (D:9)
  2 hobgoblin zombies (D:9)
  3 orc skeletons (D:9)
  18 orc zombies (D:9)
  7 rats
372 creatures vanquished.

Vanquished Creatures (others)
  39 fungi
  73 plants
112 creatures vanquished.

Grand Total: 484 creatures vanquished

Notes
Turn   | Place    | Note
-------+----------+-------------------------------------------
     0 | D:1      | boopmooplesden the Minotaur Fighter began the quest for the
                  | Orb.
     0 | D:1      | Reached XP level 1. HP: 19/19 MP: 0/0
   150 | D:1      | Found Cymushri's Antique Weapon Boutique.
   173 | D:1      | Reached XP level 2. HP: 27/27 MP: 1/1
   330 | D:1      | Found Huxzikkyi's Antique Weapon Shoppe.
   360 | D:1      | Found a faded altar of an unknown god.
   390 | D:1      | Became a worshipper of Gozag Ym Sagoz the Greedy
   544 | D:1      | Reached XP level 3. HP: 32/33 MP: 2/2
  1099 | D:2      | Found a burning altar of Makhleb.
  1297 | D:2      | Reached XP level 4. HP: 32/40 MP: 3/3
  1804 | D:3      | Found a runed translucent door.
  1820 | D:3      | Noticed Flarelocke's ghost (weakling HOMo)
  1841 | D:3      | Killed Flarelocke's ghost
  1842 | D:3      | Reached skill level 5 in Armour
  1842 | D:3      | Reached XP level 5. HP: 29/46 MP: 4/4
  1857 | D:3      | Found a runed translucent door.
  2202 | D:3      | Reached skill level 5 in Axes
  2217 | D:3      | Reached XP level 6. HP: 11/52 MP: 5/5
  2504 | D:3      | Reached skill level 5 in Shields
  2869 | D:4      | Found Otrula's Antique Weapon Emporium.
  3271 | D:4      | Reached XP level 7. HP: 50/60 MP: 6/6
  3700 | D:5      | Entered Level 5 of the Dungeon
  3799 | D:5      | Reached skill level 1 in Dodging
  3874 | D:5      | Reached skill level 5 in Fighting
  4112 | D:5      | Gained mutation: Your spells are a little easier to cast,
                  | but a little less powerful. [potion of mutation]
  4112 | D:5      | Gained mutation: You passively map a small area around you.
                  | [potion of mutation]
  4234 | D:6      | Reached XP level 8. HP: 53/68 MP: 7/7
  4763 | D:6      | Found a bloodstained altar of Trog.
  4779 | D:6      | Reached XP level 9. HP: 60/75 MP: 8/8
  5201 | D:7      | Found a flagged portal.
  5409 | D:7      | Reached skill level 10 in Axes
  5521 | D:7      | Found a staircase to the Ecumenical Temple.
  6441 | D:8      | Noticed a six-headed hydra
  6813 | D:8      | Found a runed translucent gate.
  6813 | D:8      | Found a runed translucent gate.
  6813 | D:8      | Found a runed translucent gate.
  6819 | D:8      | Noticed pkoi's ghost (novice DrMo)
  6854 | D:8      | Killed pkoi's ghost
  6855 | D:8      | Reached skill level 1 in Stealth
  6855 | D:8      | Reached XP level 10. HP: 16/84 MP: 9/9
  7213 | D:8      | Noticed a two-headed ogre
  7229 | D:8      | Killed a two-headed ogre
  7486 | D:8      | Noticed a manticore
  7486 | D:8      | Noticed a four-headed hydra
  7487 | D:8      | Noticed a centaur warrior
  7537 | D:8      | Killed a manticore
  8019 | D:8      | Killed a centaur warrior
  8350 | D:8      | Killed a four-headed hydra
  8351 | D:8      | Reached skill level 1 in Maces & Flails
  8351 | D:8      | Reached skill level 10 in Shields
  8668 | D:8      | Noticed a cyclops
  8683 | D:8      | Killed a cyclops
  8690 | D:8      | Reached XP level 11. HP: 34/94 MP: 10/10
  8948 | D:8      | Identified the +11 mace of Dismemberment {venom, rC+ Will+
                  | Stlth-}
  8952 | D:8      | Identified the +0 scale mail of Vanity {Stlth+}
  9146 | D:9      | Found a white marble altar of Elyvilon.
  9149 | D:9      | Found a snail-covered altar of Cheibriados.
  9154 | D:9      | Noticed Joseph
  9175 | D:9      | Killed Joseph
  9404 | D:9      | Found a staircase to the Orcish Mines.
  9703 | D:9      | Found a staircase to the Lair.
  9865 | D:9      | Reached skill level 5 in Maces & Flails
  9867 | D:9      | Reached skill level 10 in Armour
  9915 | D:9      | Found Zynaebeh's Neck Hole.
  9961 | D:9      | You fall into a shaft and drop 2 floors!
  9976 | D:10     | Entered Level 10 of the Dungeon
  9986 | D:10     | Noticed Maurice
  9993 | D:10     | Killed Maurice
 10780 | D:10     | Found a hazy altar of Hepliaklqana.
 10849 | D:10     | Noticed Maggie
 10857 | D:10     | Killed Maggie
 11574 | Lair:1   | Entered Level 1 of the Lair of Beasts
 12126 | Lair:1   | Reached XP level 12. HP: 100/104 MP: 11/11
 12805 | Lair:2   | Found a staircase to the Swamp.
 13763 | Lair:2   | Got the Papyrus of Sinister Magic and Calling
 13992 | Lair:2   | HP: 5/106 [poisoned by a water moccasin]
 14936 | Lair:3   | Found a staircase to the Snake Pit.
 14964 | Lair:3   | Noticed a six-headed hydra
 14976 | Lair:3   | Reached skill level 10 in Fighting
 14983 | Lair:3   | Killed a six-headed hydra
 15315 | Lair:3   | Noticed Sonja
 15912 | D:11     | Noticed a two-headed ogre
 15924 | D:11     | Killed a two-headed ogre
 15925 | D:11     | Reached skill level 5 in Dodging
 16215 | D:11     | Noticed a two-headed ogre
 16223 | D:11     | Killed a two-headed ogre
 16398 | D:11     | Noticed Grum
 16413 | D:11     | Killed Grum
 17062 | D:12     | Noticed an eight-headed hydra
 17072 | D:12     | Slain by an eight-headed hydra

Illustrated notes

Levels and vault maps discovered:
D:1:      shiori_shiawase, layout_basic, serial_shops, nicolae_shop_stone,
          nicolae_shop_statue_plus, ebering_ecumenical_altar_webs
D:2:      layout_loops_ring, basic_altar, minmay_heptomino_w4
D:3:      layout_loops_cross, ebering_ghost_sewer_f,
          chequers_serial_rivers_micro_b
D:4:      layout_layer_cave, serial_shops, nicolae_shop_stone
D:5:      minmay_inner_zag, layout_loops_cross, gammafunk_ghost_necromancy,
          uniq_crazy_yiuf_cottage
D:6:      minmay_polygon_palace, layout_rooms, trog_ov_bears_minmay,
          portal_sewer_entry_f
D:7:      layout_loops_ring, minmay_temple_entry_large_hall,
          lightli_bailey_entry_fortress, kennysheep_potato
D:8:      minmay_the_grid_triangle_9x9_rhombus_thin
          [minmay_the_grid_triangle_9x9_corrupted_corridor,
          minmay_the_grid_triangle_9x9_prize_insulated,
          minmay_the_grid_triangle_9x9_skeleton,
          minmay_the_grid_triangle_9x9_swiss_cheese], layout_rooms,
          gammafunk_ghost_necromancy, serial_glass, glass_columns_a,
          glass_columns_b, lemuel_another_geyser
D:9:      layout_basic, mainiacjoe_overflow_catwalk_spiral,
          due_lair_maze_entry_diamond, zombieorc2_lemuel,
          nicolae_shop_sticking_my_neck_out, uniq_joseph
D:10:     layout_rooms, worldfamousw_hep_ancestral_shrine, uniq_maurice,
          uniq_maggie
D:11:     layout_gridville, minmay_hedge_maze, uniq_grum
D:12:     layout_stronghold
Lair:1:   layout_regular_city
Lair:2:   layout_chaotic_city, swamp_mist_pool, grunt_megastairs_1
Lair:3:   cheibrodos_lair_overgrown_chateau, layout_chaotic_city,
          guppyfry_snake_entry_island, serial_bayou_pond_c, uniq_sonja

Skill      XL: |  1  2  3  4  5  6  7  8  9 10 11 12 |
---------------+-------------------------------------+-----
Armour         | 4 5 6 7 8 9 10 11 | 11.4
Shields        | 4 5 6 7 9 10 11 12 | 12.5
Axes           | 3 4 5 6 7 9 11 12 | 12.8
Fighting       | 4 5 6 8 9 10 | 10.5
Dodging        | 1 2 3 4 5 |  5.3
Stealth        | 1 2 |  2.4
Maces & Flails | 1 7 9 |  9.8
Throwing       | |  0.4
Evocations     | |  0.1

Action                   |  1- 3 |  4- 6 |  7- 9 | 10-12 || total
-------------------------+-------+-------+-------+-------++-------
Melee: War axe           |    89 |   132 |   382 |    61 ||   664
       Headbutt          |    14 |    24 |    77 |   120 ||   235
       Whip              |       |       |       |    45 ||    45
       Mace              |       |       |       |   495 ||   495
Throw: Throwing net      |       |       |       |     3 ||     3
Invok: Call Merchant     |       |       |       |     1 ||     1
Evoke: Lightning rod     |       |       |       |     1 ||     1
       Condenser vane    |       |       |       |     1 ||     1
  Use: Potion            |       |     1 |     2 |     8 ||    11
       Scroll            |       |     8 |     7 |     6 ||    21
 Stab: Distracted        |       |       |     1 |     2 ||     3
Armor: Scale mail        |    40 |       |       |   158 ||   198
       Chain mail        |    16 |    72 |   251 |    68 ||   407
Dodge: Dodged            |    26 |    50 |    97 |   221 ||   394
Block: Kite shield       |    74 |    91 |   262 |   389 ||   816
